 Dungeon Crawl Stone Soup version 0.18.1-50-g88ac8fd (webtiles) character file.

35914 Kronon the Warrior (level 14, -2/186 HPs)
             Began as a Formicid Abyssal Knight on Oct 3, 2016.
             Was a High Priest of Lugonu.
             Slain by a death yak (8 damage)
             ... on level 7 of the Lair of Beasts.
             The game lasted 00:49:27 (19096 turns).

Kronon the Warrior (Formicid Abyssal Knight)       Turns: 19096, Time: 00:49:27

Health: -2/186     AC: 27    Str: 21    XL:     14   Next: 21%
Magic:  20/20      EV:  2    Int: 13    God:    Lugonu [*****.]
Gold:   909        SH:  0    Dex: 14    Spells: 0 memorised, 13 levels left

rFire  + . .     SeeInvis .     Z - +5 trident of Ceckeitoa {flame, Dex+4}
rCold  + . .     Gourm    .     (armour currently unavailable)
rNeg   + + +     Faith    .     (no shield)
rPois  +         Spirit   .     (helmet unavailable)
rElec  +         Dismiss  .     (cloak currently unavailable)
rCorr  +         Reflect  .     (gloves currently unavailable)
SustAt .         Harm     .     (boots currently unavailable)
MR     +....                    t - amulet of magic regeneration
Stlth  ++........               B - ring of resist corrosion
                                s - ring of positive energy

@: tree-form, resistant, somewhat resistant to hostile enchantments, unstealthy
A: permanent stasis, dig shafts and tunnels, four strong arms, (antennae 0),
blurry vision 1
a: Depart the Abyss, Bend Space, Banish, Corrupt, Enter the Abyss, Renounce
Religion


You were on level 7 of the Lair of Beasts.
You worshipped Lugonu.
Lugonu was extremely pleased with you.
You were not hungry.
You were a tree.
You visited 2 branches of the dungeon, and saw 19 of its levels.
You visited the Abyss 2 times.
You visited 1 bazaar.

You collected 1127 gold pieces.
You spent 218 gold pieces at shops.

Inventory:

Hand Weapons
 D - the +3 glaive of Bomileje {flame, rN+}
   (You found it on level 6 of the Dungeon)

   It has been specially enchanted to burn those struck by it, causing extra
   injury to most foes and up to half again as much damage against particularly
   susceptible opponents.
   Big, fiery blades are also staple armaments of hydra-hunters.
   It protects you from negative energy.
 J - a +0 trident of freezing
 Z - the +5 trident of Ceckeitoa (weapon) {flame, Dex+4}
   (You found it on level 2 of the Lair of Beasts)

   It has been specially enchanted to burn those struck by it, causing extra
   injury to most foes and up to half again as much damage against particularly
   susceptible opponents.
   It affects your dexterity (+4).
Armour
 u - a +4 plate armour (melded)
 z - a +0 pair of gloves (melded)
 S - the +0 pair of boots of Listlessness (melded) {Str+2}
   (You bought it in a shop in a bazaar)

   It affects your strength (+2).
 V - the +1 cloak of the Hurricane (melded) {Str+2}
   (You found it on level 1 of the Lair of Beasts)

   It affects your strength (+2).
Jewellery
 o - an uncursed ring of stealth
 s - a ring of positive energy (left branch)
 t - an amulet of magic regeneration (around neck)
 B - a ring of resist corrosion (right branch)
 H - an uncursed amulet of guardian spirit
 T - an uncursed ring of magical power
Wands
 a - a wand of digging (9/24)
 b - a wand of disintegration (9/24)
 g - a wand of confusion (34/48)
 E - a wand of iceblast (0/15)
 K - a wand of polymorph (11/24)
 W - a wand of heal wounds (3/9)
Scrolls
 e - 2 scrolls of fear
 i - 7 scrolls of remove curse
 k - 3 scrolls of fog {unknown}
 l - 2 scrolls of magic mapping {unknown}
 x - 2 scrolls of enchant weapon
 y - a scroll of recharging
 G - 3 scrolls of amnesia {unknown}
 M - a scroll of silence
Potions
 f - 6 potions of curing
 h - a potion of agility
 w - 5 potions of brilliance
 A - 2 potions of flight
 F - a potion of might
 L - a potion of invisibility
 N - 2 potions of haste
 Q - a potion of ambrosia
Books
 d - a book of Conjurations

   Spells                             Type                      Level
   a - Magic Dart                     Conjuration                  1
   b - Searing Ray                    Conjuration                  2
   c - Dazzling Spray                 Conjuration/Hexes            3
   d - Fulminant Prism                Conjuration/Hexes            4
   e - Iskenderun's Mystic Blast      Conjuration                  4
   f - Iskenderun's Battlesphere      Conjuration/Charms           5
 v - a book of Flames

   Spells                             Type                      Level
   a - Flame Tongue                   Conjuration/Fire             1
   b - Throw Flame                    Conjuration/Fire             2
   c - Conjure Flame                  Conjuration/Fire             3
   d - Inner Flame                    Hexes/Fire                   3
   e - Sticky Flame                   Conjuration/Fire             4
   f - Fireball                       Conjuration/Fire             5
Comestibles
 c - 7 bread rations
 j - 7 meat rations
 n - 5 beef jerkies
 r - 2 royal jellies
 C - a slice of pizza
 P - 46 fruits


   Skills:
 + Level 15.9 Fighting
 - Level 12.0 Polearms
 - Level 10.0 Armour
 - Level 7.0 Dodging
 - Level 8.8 Invocations


You had 13 spell levels left.
You didn't know any spells.

Dungeon Overview and Level Annotations

Branches:
Dungeon (12/15)            Temple (0/1) D:7            Lair (7/8) D:11
 Shoals (0/4) Lair:4       Spider (0/4) Lair:3          Orc (0/2) D:9
  Slime: Lair:6-8

Altars:
Ashenzari
Cheibriados
Fedhas
Kikubaaqudgha
Makhleb
Okawaru
Pakellas
Ru
Trog
Yredelemnul
The Shining One

Annotations:
D:7 exclusion: oklob sapling
D:11 corrupted
Abyss:1 Nergalle


Innate Abilities, Weirdness & Mutations

You are under a permanent stasis effect.
You can dig through walls and to a lower floor.
Your four strong arms can wield two-handed weapons with a shield.
((You have a pair of large antennae on your head (SInv).))
Scrolls take you a little longer to read.


Message History

Drink which item? (? for menu, Esc to quit)
You feel much better.
The death yak gores you but does no damage.
You puncture the death yak! You burn the death yak.
You kill the death yak!
Lugonu accepts your kill.
You hit the death yak. You burn the death yak.
The death yak is lightly wounded.
You barely miss the death yak.
The death yak is lightly wounded.
The death yak gores you!
* * * LOW HITPOINT WARNING * * *
You hit the death yak. You burn the death yak.
The death yak is lightly wounded.
The death yak gores you!
* * * LOW HITPOINT WARNING * * *
You impale the death yak!! You burn the death yak.
The death yak is heavily wounded.
The death yak gores you!
You die...

####.......#
#
#..#.......#
..
.........#
...
#........#
....
........
..... .....
......#.P#
.......♣##
#.P....##Y#
#...... #H#
....... #Y#
....... #r#
....... #.#
.......##†#
...#
.......#..##
.....
.........#.#
###..## #


You could see 2 death yaks, a griffon and a porcupine.

Vanquished Creatures
  Erolcha (D:8)
  A hydra (Lair:4)
  A queen ant (Lair:7)
  5 death yaks (Lair:7)
  A hill giant (D:10)
  4 griffons
  2 ugly things (D:11)
  A manticore (Lair:4)
  4 black mambas
  4 spiny frogs
  A torpor snail (Lair:7)
  A gargoyle (D:10)
  2 rime drakes (Lair:7)
  5 komodo dragons
  A troll (D:10)
  2 polar bears
  12 blink frogs
  A wraith (D:8)
  2 wyverns
  3 basilisks
  34 yaks
  2 redbacks (Lair:3)
  10 hippogriffs
  A mottled dragon (D:12)
  21 soldier ants
  11 water moccasins
  6 porcupines
  2 ice beasts
  3 sky beasts
  2 black bears
  2 phantoms
  7 orc warriors
  A necrophage (D:8)
  An eye of draining (D:11)
  2 ogres
  3 wolves (Lair:1)
  9 centaurs
  A crocodile (Lair:7)
  3 big kobolds
  A wyvern zombie (D:10)
  15 giant frogs
  4 scorpions
  A killer bee (D:9)
  3 howler monkeys
  2 giant frog zombies
  2 centaur zombies
  5 crimson imps
  3 hounds
  4 jellies
  2 centaur skeletons
  7 orc priests
  14 orc wizards
  A giant frog skeleton (D:10)
  10 iguanas
  5 hell rats (Lair:5)
  18 worker ants
  A killer bee zombie (D:9)
  6 sheep (Lair:5)
  A hound skeleton (D:6)
  2 worker ant zombies
  3 gnolls (D:5)
  45 river rats
  11 adders
  3 worms
  3 dart slugs
  3 giant geckos
  61 orcs
  9 giant cockroaches
  13 goblins
  9 hobgoblins
  11 jackals
  4 quokkas
  2 ball pythons
  7 bats
  7 giant newts
  17 kobolds
  5 rats
  A fungus (Lair:4)
496 creatures vanquished.

Vanquished Creatures (others)
  A hydra (Lair:3)
  A steam dragon (D:9)
  A centaur (D:11)
  A crimson imp (D:11)
  A hound skeleton (D:4)
  An orc (D:11)
  A quokka (D:6)
  5 fungi
  3 starspawn tentacles (D:11)
  75 starspawn tentacle segments (D:11)
90 creatures vanquished.

Grand Total: 586 creatures vanquished

Notes
Turn   | Place    | Note
--------------------------------------------------------------
     0 | Abyss:1  | Kronon the Formicid Abyssal Knight began the quest for the Orb.
     0 | Abyss:1  | Reached XP level 1. HP: 18/18 MP: 2/2
    14 | Abyss:1  | Found a corrupted altar of Lugonu.
    79 | D:1      | Escaped the Abyss
   314 | D:1      | Reached * piety under Lugonu
   368 | D:1      | Reached XP level 2. HP: 22/25 MP: 3/3
   378 | D:1      | Reached skill level 4 in Fighting
   818 | D:1      | Reached XP level 3. HP: 28/31 MP: 4/4
  1106 | D:2      | Reached ** piety under Lugonu
  1197 | D:2      | Reached skill level 5 in Fighting
  1200 | D:2      | Reached XP level 4. HP: 22/39 MP: 5/5
  1751 | D:2      | You fall through a shaft!
  2053 | D:3      | Reached XP level 5. HP: 28/46 MP: 6/6
  2205 | D:3      | Reached *** piety under Lugonu
  2205 | D:3      | Reached skill level 6 in Fighting
  3069 | D:4      | Found a burning altar of Makhleb.
  3250 | D:4      | Reached XP level 6. HP: 52/52 MP: 8/8
  3316 | D:4      | Found a glowing golden altar of the Shining One.
  3537 | D:4      | Found a snail-covered altar of Cheibriados.
  3758 | D:4      | Noticed an ice beast
  4003 | D:5      | Entered Level 5 of the Dungeon
  4073 | D:5      | Reached XP level 7. HP: 58/58 MP: 10/10
  4260 | D:5      | Reached skill level 5 in Armour
  4754 | D:6      | Found an oddly glowing altar of Pakellas.
  4790 | D:6      | Reached skill level 5 in Invocations
  4790 | D:6      | Reached XP level 8. HP: 64/64 MP: 11/11
  4792 | D:6      | Reached **** piety under Lugonu
  4926 | D:6      | Found an oddly glowing altar of Pakellas.
  4927 | D:6      | Got a bone glaive
  4930 | D:6      | Identified the +3 glaive of Bomileje {flame, rN+} (You found it on level 6 of the Dungeon)
  5627 | D:6      | Found a glowing golden altar of the Shining One.
  5841 | D:7      | Found a staircase to the Ecumenical Temple.
  5929 | D:7      | Reached XP level 9. HP: 42/71 MP: 8/15
  6094 | D:7      | Found a shattered altar of Ashenzari.
  6386 | D:8      | Reached skill level 5 in Polearms
  6577 | D:8      | Found an ancient bone altar of Kikubaaqudgha.
  6582 | D:8      | Found a basalt altar of Yredelemnul.
  6596 | D:8      | Reached skill level 7 in Fighting
  6813 | D:8      | Reached ***** piety under Lugonu
  6971 | D:8      | Reached XP level 10. HP: 79/79 MP: 16/16
  6980 | D:8      | Noticed Erolcha
  6992 | D:8      | Killed Erolcha
  6992 | D:8      | Reached skill level 8 in Fighting
  7091 | D:8      | Found a bloodstained altar of Trog.
  7098 | D:8      | Found an iron altar of Okawaru.
  7435 | D:9      | Found a blossoming altar of Fedhas.
  7782 | D:9      | Reached skill level 9 in Fighting
  7826 | D:9      | Found a staircase to the Orcish Mines.
  8529 | D:10     | Entered Level 10 of the Dungeon
  8580 | D:10     | Noticed a gargoyle
  8605 | D:10     | Killed a gargoyle
  8605 | D:10     | Reached skill level 10 in Fighting
  8826 | D:10     | Reached XP level 11. HP: 78/90 MP: 17/17
  9168 | D:10     | Noticed a hill giant
  9177 | D:10     | Killed a hill giant
  9177 | D:10     | Reached skill level 11 in Fighting
  9177 | D:10     | Reached skill level 10 in Polearms
  9585 | D:11     | Noticed Nergalle
  9607 | D:11     | Banished Nergalle
  9899 | D:11     | Found a staircase to the Lair.
  9977 | D:11     | Noticed a brown ugly thing
  9994 | D:11     | Killed a brown ugly thing
 10045 | D:11     | Reached ****** piety under Lugonu
 10063 | D:11     | Found a sacrificial altar of Ru.
 10112 | D:11     | Noticed a brown ugly thing
 10127 | D:11     | Killed a brown ugly thing
 10256 | D:11     | Found a gateway to a bazaar.
 10581 | D:11     | Corrupted D:11
 10581 | D:11     | Noticed a flayed ghost
 10581 | D:11     | Noticed a tentacled starspawn
 10581 | D:11     | Noticed a cacodemon
 10586 | D:11     | Noticed a thrashing horror
 10589 | D:11     | Noticed a lich
 10593 | D:11     | Noticed a bone dragon
 10593 | Bazaar   | Entered a bazaar
 10612 | Bazaar   | Found Toecrath's Weapon Shop.
 10612 | Bazaar   | Found Osiesap's General Store.
 10664 | Bazaar   | Found Befem's Jewellery Boutique.
 10664 | Bazaar   | Found Esoydaf's Antique Armour Shop.
 10692 | Bazaar   | Bought a pair of twisted boots for 218 gold pieces
 10702 | Bazaar   | Identified the cursed +0 pair of boots of Listlessness {Str+2} (You bought it in a shop in a bazaar)
 10732 | D:11     | Noticed a tentacled starspawn
 10739 | D:11     | Noticed a large abomination
 10742 | D:11     | Noticed a tentacled starspawn
 10759 | D:12     | Noticed a cyclops
 10761 | D:12     | Noticed a green ugly thing
 10817 | Lair:1   | Entered Level 1 of the Lair of Beasts
 10969 | Lair:1   | Got a spiked cloak
 10980 | Lair:1   | Identified the +1 cloak of the Hurricane {Str+2} (You found it on level 1 of the Lair of Beasts)
 11202 | Lair:1   | Reached XP level 12. HP: 80/100 MP: 18/18
 11971 | Lair:2   | Reached skill level 10 in Armour
 11999 | Lair:2   | Got a faintly glowing trident
 12019 | Lair:2   | Identified the +5 trident of Ceckeitoa {flame, Dex+4} (You found it on level 2 of the Lair of Beasts)
 12142 | Lair:2   | Reached skill level 1 in Dodging
 13026 | Lair:3   | Found a hole to the Spider Nest.
 13384 | Lair:4   | Found a staircase to the Shoals.
 13384 | Lair:4   | Noticed a seven-headed hydra
 13547 | Lair:3   | Banished a seven-headed hydra
 13547 | Lair:3   | Reached skill level 5 in Dodging
 14243 | Lair:4   | Noticed a six-headed hydra
 14255 | Lair:4   | Killed a six-headed hydra
 14255 | Lair:4   | Reached XP level 13. HP: 59/106 MP: 19/19
 15176 | Lair:5   | Reached skill level 12 in Fighting
 15921 | Lair:6   | Reached skill level 13 in Fighting
 16693 | Lair:6   | Reached skill level 14 in Fighting
 18279 | Lair:7   | Reached skill level 15 in Fighting
 18306 | Lair:7   | Reached XP level 14. HP: 40/123 MP: 20/20
 19077 | Abyss:1  | Gained mutation: Scrolls take you a little longer to read. [a shining eye]
 19078 | Lair:7   | Escaped the Abyss
 19082 | Lair:7   | HP: 3/124 [death yak (10)]
 19089 | Lair:7   | HP: 8/186 [death yak (8)]
 19095 | Lair:7   | HP: 6/186 [death yak (16)]
 19096 | Lair:7   | Slain by a death yak

Skill      XL: |  1  2  3  4  5  6  7  8  9 10 11 12 13 |
---------------+----------------------------------------+-----
Fighting       | 4 5 6 7 10 11 15 | 15.9
Invocations    | 3 4 5 8 |  8.8
Armour         | 3 4 6 9 10 | 10.0
Polearms       | 3 7 9 11 12 | 12.0
Dodging        | 7 |  7.0

Action                   |  1- 3 |  4- 6 |  7- 9 | 10-12 | 13-15 || total
-------------------------+-------+-------+-------+-------+-------++-------
Melee: Spear             |   117 |   186 |       |       |       ||   303
       Whip              |       |   126 |   120 |       |       ||   246
       Glaive            |       |       |   275 |   501 |       ||   776
       Trident           |       |       |       |   189 |   644 ||   833
Invok: Depart the Abyss  |     1 |       |       |       |     1 ||     2
       Banish            |       |       |       |     3 |       ||     3
       Corrupt           |       |       |       |     1 |       ||     1
       Enter the Abyss   |       |       |       |       |     1 ||     1
 Abil: Dig               |       |     1 |       |     6 |     4 ||    11
Evoke: Wand              |       |       |       |     4 |       ||     4
  Use: Scroll            |       |     7 |     2 |    10 |     3 ||    22
       Potion            |       |       |       |     5 |     5 ||    10
 Stab: Distracted        |     1 |       |       |       |       ||     1
  Eat: Chunk             |     1 |    10 |    10 |    26 |    17 ||    64
Armor: Leather armour    |    19 |    32 |       |       |       ||    51
       Ring mail         |       |    17 |       |       |       ||    17
       Plate armour      |       |   104 |   389 |   566 |   286 ||  1345
       Skin              |       |       |       |    16 |     2 ||    18
Dodge: Dodged            |    53 |   147 |   153 |   285 |   291 ||   929
